 Dungeon Crawl Stone Soup version 0.23.2-40-g277498a (webtiles) character file.

Game seed: 965810708996326434

244 Balder the Chopper (level 6, -1/53 HPs)
             Began as a Hill Orc Fighter on Sept 13, 2019.
             Was an Initiate of Okawaru.
             Slain by a killer bee (3 damage)
             ... on level 3 of the Dungeon.
             The game lasted 00:12:28 (2447 turns).

Balder the Chopper (Hill Orc Fighter)               Turns: 2447, Time: 00:12:29

Health: -1/53      AC:  8    Str: 18 (19) XL:     6   Next: 10%
Magic:  6/6        EV:  7    Int:  6 (8)  God:    Okawaru [......]
Gold:   75         SH:  9    Dex: 10 (12) Spells: 5/5 levels left

rFire    . . .     SeeInvis .   a - +0 war axe
rCold    . . .     Gourm    .   c - +0 shield
rNeg     . . .     Faith    .   b - +0 scale mail
rPois    .         Spirit   .   (no helmet)
rElec    .         Reflect  .   j - +0 cloak
rCorr    .         Harm     .   (no gloves)
MR       .....                  (no boots)
Stlth    ..........             l - amulet of the acrobat
HPRegen  0.17/turn              (no ring)
MPRegen  0.10/turn              (no ring)

@: lethally poisoned (-1 -> -3)
A: no striking features
a: Renounce Religion


You were on level 3 of the Dungeon.
You worshipped Okawaru.
Okawaru was noncommittal.
You were not hungry.

You visited 1 branch of the dungeon, and saw 3 of its levels.

You collected 75 gold pieces.

Inventory:

Hand Weapons
 a - a +0 war axe (weapon)
Missiles
 n - 5 javelins (quivered)
Armour
 b - a +0 scale mail (worn)
 c - a +0 shield (worn)
 j - a +0 cloak (worn)
 q - a +0 pair of gloves
Jewellery
 l - an amulet of the acrobat (around neck)
 s - an uncursed amulet of the gourmand {unknown}
 t - an uncursed amulet of magic regeneration {unknown}
Wands
 p - a wand of random effects (14)
Scrolls
 e - a scroll of teleportation
 h - a scroll of fog {unknown}
 i - 3 scrolls of identify
 k - 2 scrolls of amnesia
Potions
 d - a potion of might
 o - a potion of resistance {unknown}
Comestibles
 f - 7 rations


   Skills:
 * Level 4.6 Fighting
 * Level 5.1 Axes
 * Level 0.3 Throwing
 * Level 4.4 Armour
 + Level 0.6 Dodging
 * Level 4.5 Shields


You had 5 spell levels left.
You didn't know any spells.
Your spell library was empty.

Dungeon Overview and Level Annotations

Branches:
Dungeon (3/15)

Altars:
Dithmenos
Kikubaaqudgha
Okawaru
Qazlal
Yredelemnul


Message History

The killer bee stings you but does no damage.
The killer bee stings you.
* * * LOW HITPOINT WARNING * * *
The killer bee barely misses you. You block the killer bee's attack.
The killer bee barely misses you. The killer bee stings you.
* * * LOW HITPOINT WARNING * * *
You are poisoned.
The killer bee poisons you!
You feel sick. The killer bee stings you.
* * * LOW HITPOINT WARNING * * *
Okay, then.
It was a potion of degeneration.
There was something very wrong with that liquid.
You feel weakened.
You feel dopey.
You feel clumsy. You block the killer bee's attack.
The killer bee stings you but does no damage.
You block the killer bee's attack. x2
The killer bee stings you but does no damage.
The killer bee stings you.
You die...

##.#.........##..#
......######.#..[### #
##.#.## #.......# .#
#.#.# ##.......##.#
#.#.# #...........#
#.#.# ####._..⌠.._...#
#...# #............#.#
##...###.##....yyy.##.#
#..............y@..# #
#...####.####....### #
#...# #.# #.##...##.#
....# #.# #.##>#.(..#
#...####># #.##...####
.........# ##.###.##
...[###### #.<# #.#
#...# #.# #.# ....# #.#
#.#


You could see 4 killer bees.

Vanquished Creatures
  A scorpion (D:3)
  Natasha (thrice) (D:2)
  Terence (D:2)
  6 adders
  A worm (D:2)
  A dart slug (D:2)
  3 leopard geckos (D:1)
  7 bats
  A giant cockroach (D:2)
  3 goblins
  6 hobgoblins
  3 kobolds
  3 frilled lizards (D:1)
  4 rats
43 creatures vanquished.

Notes
Turn   | Place    | Note
-------+----------+-------------------------------------------
     0 | D:1      | Balder the Hill Orc Fighter began the quest for the Orb.
     0 | D:1      | Reached XP level 1. HP: 19/19 MP: 1/1
   160 | D:1      | Reached XP level 2. HP: 27/27 MP: 2/2
   237 | D:1      | Reached skill level 3 in Axes
   887 | D:2      | Noticed Terence
   899 | D:2      | Killed Terence
   899 | D:2      | Reached XP level 3. HP: 28/33 MP: 3/3
   920 | D:2      | Noticed Natasha
   938 | D:2      | Reached XP level 4. HP: 27/40 MP: 4/4
   943 | D:2      | Killed Natasha
  1165 | D:2      | Reached skill level 4 in Axes
  1288 | D:2      | Reached XP level 5. HP: 37/46 MP: 5/5
  1359 | D:2      | Noticed Natasha
  1377 | D:2      | Killed Natasha
  1815 | D:2      | Noticed Natasha
  1823 | D:2      | Killed Natasha
  2001 | D:3      | Reached skill level 5 in Axes
  2001 | D:3      | Reached XP level 6. HP: 53/53 MP: 6/6
  2046 | D:3      | Found a shadowy altar of Dithmenos.
  2051 | D:3      | Found an ancient bone altar of Kikubaaqudgha.
  2238 | D:3      | Found an iron altar of Okawaru.
  2240 | D:3      | Found a stormy altar of Qazlal.
  2248 | D:3      | Became a worshipper of Warmaster Okawaru
  2252 | D:3      | Found a basalt altar of Yredelemnul.
  2446 | D:3      | HP: 2/53 [killer bee (2)]
  2447 | D:3      | Slain by a killer bee

Skill      XL: |  1  2  3  4  5 |
---------------+----------------+-----
Axes           | 3 4 5 |  5.1
Fighting       | 4 |  4.6
Armour         | 4 |  4.4
Shields        | 4 |  4.5
Throwing       | |  0.3
Dodging        | |  0.6

Action                   |  1- 3 |  4- 6 || total
-------------------------+-------+-------++-------
Melee: War axe           |    96 |   101 ||   197
Throw: Javelin           |       |     5 ||     5
  Use: Potion            |     1 |     2 ||     3
       Scroll            |       |     3 ||     3
  Eat: Chunk             |       |     5 ||     5
Armor: Scale mail        |    57 |    72 ||   129
Dodge: Dodged            |    35 |    39 ||    74
Block: Shield            |    49 |    83 ||   132
